Map: Аура смерти РВ

Players

YoungStar

  • Race: Protoss Protoss
  • League: Master
  • Spawn Location: 11:00

Hawk - Winner!

  • Race: Protoss Protoss
  • League: Grandmaster
  • Spawn Location: 5:00

VOD

Have the link to the VOD?

Description

Time

  • Played on: Feb. 18, 2021, 6:03 a.m.
  • Length: 12:24
Show
View Real Time Build Order
Export as new Build Order

YoungStar Protoss 

Build Orders: Oracle Opening 

Get SALT Encoding   

  12  0:00  Probe  
  13  0:12  Probe  
  14  0:17  Pylon  
  14  0:24  Probe (Chrono Boost)  
  15  0:36  Probe (Chrono Boost)  
  15  0:37  Gateway  
  16  0:44  Probe (Chrono Boost)  
  16  0:45  Assimilator  
  17  0:51  Probe  
  17  0:56  Assimilator  
  18  1:03  Probe  
  19  1:10  Gateway  
  19  1:15  Probe (Chrono Boost)  
  20  1:24  Cybernetics Core  
  20  1:27  Probe (Chrono Boost)  
  21  1:36  Probe (Chrono Boost)  
  21  1:38  Pylon  
  22  1:41  Probe  
  23  1:56  Probe  
  23  2:01  Stalker  
  26  2:03  Stalker  
  26  2:08  Warp Gate  
  28  2:13  Pylon  
  28  2:33  Stargate  
  28  2:35  Stalker  
  30  2:40  Stalker  
  31  3:06  Nexus  
  31  3:09  Probe  
  32  3:21  Probe (Chrono Boost)  
  32  3:24  Oracle  
  36  3:29  Shield Battery  
  36  3:34  Probe (Chrono Boost)  
  37  3:42  Probe (Chrono Boost)  
  37  3:48  Probe  
  38  3:50  Pylon  
  39  4:08  Phoenix  
  39  4:09  Probe (Chrono Boost)  
  42  4:18  Robotics Facility  
  42  4:20  Probe (Chrono Boost)  
  42  4:21  Probe (Chrono Boost)  
  43  4:28  Probe x2 (Chrono Boost)  
  43  4:30  Sentry  
  43  4:31  Sentry  
  49  4:33  Probe (Chrono Boost)  
  49  4:34  Phoenix  
  53  4:42  Probe (Chrono Boost)  
  54  4:45  Probe (Chrono Boost)  
  54  4:51  Probe (Chrono Boost)  
  56  4:52  Probe (Chrono Boost)  
  56  4:54  Assimilator  
  56  4:56  Pylon  
  56  4:59  Phoenix  
  58  5:02  Probe x2  
  60  5:14  Pylon, Probe x2  
  62  5:24  Phoenix  
  64  5:29  Nexus  
  64  5:32  Pylon  
  64  5:37  Observer  
  65  5:43  Probe x2  
  65  5:49  Forge  
  67  5:52  Gateway  
  67  5:53  Gateway  
  67  5:56  Pylon  
  68  5:58  Probe (Chrono Boost)  
  68  6:02  Probe (Chrono Boost)  
  69  6:05  Observer  
  71  6:11  Twilight Council  
  71  6:13  Probe (Chrono Boost)  
  71  6:14  Probe (Chrono Boost), Assimilator  
  72  6:20  Probe (Chrono Boost)  
  72  6:25  Probe (Chrono Boost)  
  74  6:26  Protoss Ground Weapons Level 1 (Chrono Boost)  
  74  6:32  Probe (Chrono Boost)  
  75  6:35  Probe (Chrono Boost)  
  75  6:37  Probe (Chrono Boost)  
  77  6:40  Probe (Chrono Boost)  
  77  6:41  Gateway  
  77  6:42  Gateway, Probe  
  77  6:45  Charge (Chrono Boost)  
  77  6:46  Probe  
  80  6:53  Probe (Chrono Boost)  
  81  6:54  Probe (Chrono Boost)  
  81  6:55  Observer  
  81  6:56  Shield Battery  
  81  6:57  Shield Battery  
  83  7:02  Assimilator  
  83  7:04  Probe (Chrono Boost)  
  83  7:05  Assimilator  
  83  7:06  Probe (Chrono Boost)  
  85  7:09  Probe (Chrono Boost)  
  85  7:10  Immortal (Chrono Boost)  
  85  7:12  Gateway, Probe (Chrono Boost)  
  85  7:13  Gateway  
  90  7:20  Probe  
  90  7:21  Probe  
  91  7:28  Templar Archives  
  91  7:29  Probe  
  92  7:31  Pylon  
  92  7:33  Probe  
  92  7:36  Immortal (Chrono Boost)  
  95  7:47  Zealot x6  
  107  7:51  Gateway  
  107  7:53  Gateway  
  107  7:56  Pylon  
  107  8:10  Immortal (Chrono Boost)  
  111  8:16  High Templar x2  
  111  8:17  High Templar x2, Nexus  
  111  8:18  High Templar x2  
  111  8:19  Pylon  
  123  8:24  Archon x3  
  120  8:30  Zealot x2  
  110  8:46  Zealot  
  99  8:49  Zealot  
  99  8:50  Zealot x6  
  99  8:59  Observer  
  88  9:03  Zealot x2  
  88  9:07  Zealot  
  86  9:13  Zealot x5  
  88  9:20  Stalker x2  
  77  9:27  Zealot x2  
  63  9:34  High Templar  
  63  9:35  Probe x2 (Chrono Boost)  
  63  9:38  High Templar  
  67  9:40  Probe (Chrono Boost)  
  67  9:41  Probe (Chrono Boost)  
  67  9:42  Archon  
  67  9:43  Adept  
  67  9:44  Adept  
  67  9:45  Probe (Chrono Boost)  
  72  9:48  Stalker, Probe (Chrono Boost)  
  72  9:49  Stalker  
  72  9:52  Stalker x2  
  79  9:55  Protoss Ground Weapons Level 2 (Chrono Boost)  
  79  9:59  Phoenix  
  81  10:02  Probe (Chrono Boost)  
  84  10:07  Probe (Chrono Boost)  
  84  10:08  Probe (Chrono Boost)  
  85  10:15  Probe (Chrono Boost)  
  85  10:16  Probe (Chrono Boost)  
  85  10:20  Probe (Chrono Boost)  
  87  10:22  Stalker x2, Probe (Chrono Boost)  
  87  10:24  Phoenix  
  87  10:27  Probe (Chrono Boost)  
  95  10:29  Probe  
  95  10:33  High Templar x2  
  100  10:37  Archon  
  100  10:38  Zealot x5  
  100  10:40  Shield Battery  
  110  10:44  Zealot  
  110  10:48  Probe x2  
  110  10:49  Phoenix  
  116  10:54  Immortal (Chrono Boost)  
  120  11:04  Zealot x4  
  120  11:05  Zealot x2  
  120  11:09  Assimilator  
  120  11:10  Assimilator  
  132  11:13  Phoenix  
  134  11:25  High Templar x2  
  138  11:26  Immortal (Chrono Boost)  
  138  11:27  Probe (Chrono Boost)  
  138  11:28  Probe (Chrono Boost)  
  138  11:32  Probe (Chrono Boost)  
  146  11:36  Robotics Bay, Probe (Chrono Boost)  
  146  11:38  Probe (Chrono Boost)  
  146  11:39  Probe (Chrono Boost)  
  148  11:44  Pylon x2  
  148  11:49  Probe  
  147  11:58  Zealot x2  
  147  12:01  Zealot x3  
  147  12:03  Archon  
  147  12:04  Zealot x4  
  147  12:06  Pylon  
  137  12:11  Zealot  
Show
View Real Time Build Order
Export as new Build Order

Hawk Protoss - Winner!

Build Orders:  

Get SALT Encoding   

  12  0:00  Probe  
  13  0:12  Probe  
  14  0:18  Pylon  
  14  0:24  Probe (Chrono Boost)  
  15  0:36  Gateway  
  15  0:37  Probe (Chrono Boost)  
  16  0:42  Probe  
  16  0:46  Assimilator  
  17  0:55  Probe (Chrono Boost)  
  17  0:56  Assimilator  
  18  1:07  Gateway, Probe (Chrono Boost)  
  19  1:14  Probe (Chrono Boost)  
  20  1:21  Probe  
  20  1:23  Cybernetics Core  
  21  1:33  Probe  
  21  1:35  Pylon  
  22  1:45  Probe  
  23  1:57  Probe  
  23  2:00  Stalker, Sentry  
  28  2:01  Warp Gate  
  28  2:08  Pylon  
  28  2:10  Probe  
  29  2:20  Pylon  
  29  2:22  Probe  
  30  2:28  Sentry  
  32  2:30  Stalker  
  32  2:32  Shield Battery  
  32  2:34  Probe  
  35  2:46  Probe  
  36  2:58  Nexus  
  36  3:04  Probe  
  37  3:10  Pylon  
  37  3:16  Probe (Chrono Boost)  
  39  3:27  Probe (Chrono Boost)  
  39  3:32  Forge, Probe (Chrono Boost)  
  39  3:33  Twilight Council  
  40  3:43  Probe (Chrono Boost)  
  41  3:54  Probe (Chrono Boost)  
  41  3:55  Stalker x2  
  46  3:59  Probe (Chrono Boost)  
  47  4:06  Protoss Ground Weapons Level 1  
  47  4:10  Photon Cannon  
  47  4:11  Probe (Chrono Boost)  
  47  4:12  Probe (Chrono Boost)  
  49  4:23  Probe x2 (Chrono Boost)  
  51  4:27  Blink  
  51  4:28  Probe x2 (Chrono Boost)  
  53  4:35  Pylon  
  53  4:37  Probe  
  55  4:38  Probe  
  55  4:39  Shield Battery  
  55  4:49  Probe  
  55  4:51  Probe  
  57  4:54  Photon Cannon  
  57  5:01  Probe, Nexus  
  57  5:03  Probe  
  59  5:07  Assimilator  
  59  5:09  Assimilator  
  59  5:13  Probe  
  60  5:15  Probe  
  61  5:25  Probe  
  62  5:32  Gateway  
  62  5:33  Probe  
  62  5:34  Gateway  
  63  5:35  Gateway  
  63  5:37  Gateway, Probe  
  63  5:40  Robotics Facility  
  64  5:47  Probe, Dark Shrine  
  64  5:49  Probe  
  66  5:57  Stalker x2, Pylon  
  66  6:04  Photon Cannon  
  70  6:09  Photon Cannon  
  70  6:12  Probe x2  
  72  6:24  Probe (Chrono Boost)  
  74  6:25  Probe (Chrono Boost)  
  74  6:27  Probe (Chrono Boost)  
  74  6:31  Stalker x2  
  74  6:32  Stalker  
  81  6:35  Probe (Chrono Boost)  
  81  6:36  Probe x2 (Chrono Boost)  
  81  6:38  Protoss Ground Weapons Level 2 (Chrono Boost)  
  84  6:40  Probe x2 (Chrono Boost)  
  84  6:41  Probe (Chrono Boost)  
  84  6:42  Photon Cannon  
  87  6:48  Observer  
  87  6:51  Probe x2  
  87  6:52  Pylon  
  87  6:53  Probe  
  91  6:56  Pylon, Assimilator  
  91  6:59  Shadow Stride  
  91  7:01  Assimilator  
  91  7:03  Probe  
  91  7:07  Photon Cannon  
  92  7:23  Warp Prism (Chrono Boost)  
  92  7:28  Stalker x3  
  92  7:29  Stalker x2  
  104  7:31  Stalker  
  104  7:35  Nexus  
  104  7:36  Charge  
  106  7:41  Pylon  
  104  7:47  Pylon  
  104  7:49  Pylon  
  104  7:54  Pylon  
  104  7:56  Pylon  
  104  7:59  Stalker x3  
  104  8:00  Stalker x2  
  114  8:30  Dark Templar x4  
  114  8:31  Dark Templar x2  
  118  8:51  Probe x2  
  118  8:52  Probe  
  107  9:00  Probe  
  100  9:03  Probe  
  100  9:05  Dark Templar x6  
  106  9:14  Probe x2  
  102  9:20  Protoss Ground Weapons Level 3 (Chrono Boost)  
  102  9:22  Probe x2  
  96  9:25  Gateway  
  96  9:27  Gateway  
  96  9:28  Probe  
  96  9:29  Gateway  
  91  9:32  Gateway  
  91  9:34  Gateway  
  91  9:36  Gateway, Probe x3  
  91  9:37  Gateway  
  92  9:48  Dark Templar x2  
  92  9:49  Dark Templar x3  
  100  10:00  Stalker  
  100  10:01  Probe x2  
  100  10:03  Probe x2  
  104  10:07  Pylon  
  104  10:09  Pylon  
  104  10:13  Probe x2  
  106  10:14  Templar Archives  
  106  10:19  Assimilator  
  106  10:21  Assimilator  
  106  10:22  Zealot x7  
  106  10:24  Observer (Chrono Boost)  
  121  10:34  Pylon, Nexus  
  121  10:35  Zealot x5  
  125  10:36  Zealot  
  125  10:41  Observer  
  134  10:47  Probe  
  134  10:48  Probe x2  
  137  10:57  High Templar x3  
  137  10:58  High Templar x2  
  137  10:59  High Templar  
  137  11:03  Archon x3  
  149  11:04  Zealot x2  
  149  11:05  Zealot x5  
  149  11:08  Pylon  
  149  11:10  Pylon  
  161  11:14  Gateway, Probe x2  
  161  11:16  Gateway  
  161  11:18  Probe x2  
  165  11:22  Gateway  
  165  11:24  Gateway  
  165  11:26  Probe x2  
  165  11:28  Assimilator  
  165  11:30  Assimilator  
  165  11:31  High Templar x4  
  175  11:35  Archon x2  
  175  11:36  Zealot x4  
  175  11:37  Zealot x4  
  175  11:38  Zealot  
  193  11:48  Photon Cannon  
  193  11:51  Shield Battery  
  192  11:57  Zealot x3  
  192  11:58  Zealot x3  
  195  12:04  Photon Cannon  
  179  12:10  Dark Templar x5  
  179  12:11  Dark Templar  
Tags
 
Add a new tag
Caveats
  • Supply blocks, unpowered buildings, or Contaminate may cause inaccurate times.
  • Supply counts are checked every 10 seconds.